 Dungeon Sprint DCSS version 0.31-a0-889-g1a8549509d (webtiles) character file.

Game seed: 4968580200123828755

37 fozzywoppz the Trooper (level 3, -11/36 HPs)
             Began as a Minotaur Fighter on Oct 16, 2023.
             Mangled by an ogre
             ... wielding a +0 giant club
              (19 damage)
             ... in the Dungeon (Sprint IX: "|||||||||||||||||||||||||||||").
             The game lasted 00:00:26 (36 turns).

fozzywoppz the Trooper (Minotaur Fighter)             Turns: 36, Time: 00:00:27

Health: -11/36     AC:  7    Str: 20    XL:     3   Next: 21%
Magic:  2/2        EV:  9    Int:  5    God:
Gold:   0          SH:  5    Dex: 11    Spells: 2/2 levels left

rFire   . . .        a - +0 war axe
rCold   . . .        c - +0 buckler
rNeg    . . .        b - +0 scale mail
rPois   .            (helmet restricted)
rElec   .            (no cloak)
rCorr   .            (no gloves)
SInv    .            (no boots)
Will    .....        (no amulet) Stlth
                     (no ring)
HPRegen 0.26/turn    (no ring)
MPRegen 0.08/turn

%: no teleportation
@: no status effects
A: horns 2, retaliatory headbutt
a: no special abilities


You were in the Dungeon.
You visited 1 branch

Inventory:

Hand Weapons
 a - a +0 war axe (weapon)
Armour
 b - a +0 scale mail (worn)
 c - a +0 buckler (worn)
Scrolls
 j - a scroll of blinking
Potions
 d - a potion of might
 e - a potion of curing
 f - a potion of heal wounds
 g - a potion of haste
 h - 2 potions of magic
 i - a potion of berserk rage


   Skills:
 + Level 5.5 Fighting
 + Level 4.9 Axes
 - Level 5.0 Armour
 - Level 5.0 Shields


You had 2 spell levels left.
You didn't know any spells.
Your spell library was empty.

Dungeon Overview and Level Annotations

Branches:
Dungeon (1/1)

Altars:


Innate Abilities, Weirdness & Mutations

You have a pair of horns on your head.
You reflexively headbutt those who attack you in melee.


Message History

You hit the sleepcap but do no damage. You headbutt the sleepcap.
The sleepcap is severely damaged.
The sleepcap releases spores at you.
* * * LOW HITPOINT WARNING * * *
You are engulfed in a cloud of soporific spores!
You are unaffected.
Unknown command.
You hit the sleepcap.
The sleepcap is almost destroyed.
You block the sleepcap's attack. The sleepcap barely misses you.
You furiously retaliate!
You headbutt the sleepcap!
You destroy the sleepcap!
Training target 5.0 for Shields reached!
Training target 5.0 for Armour reached!
Your Fighting skill increases to level 5!
Your Axes skill increases to level 4!
Your Armour skill increases to level 5!
Your Shields skill increases to level 5!
You have reached level 2!
You have reached level 3!
Your experience leads to an increase in your attributes!
Increase (S)trength, (I)ntelligence, or (D)exterity?
You feel agile. x2
Unknown command.
You hit the white imp.
The white imp is lightly wounded.
The white imp closely misses you.
You closely miss the white imp.
The white imp is lightly wounded.
The white imp hits you but does no damage.
You barely miss the white imp.
The white imp is lightly wounded.
The white imp closely misses you.
You slash the white imp!
You kill the white imp!
You block the ogre's attack.
You hit the ogre.
The ogre is lightly wounded.
The ogre hits you with a +0 giant club!!
Ouch! That really hurt!
You die... ▓▓▓▓▓▓▓▓▓▓▓▓▓▓▓▓▓▓ ▓<...))...@OOs...+ ▓▓▓▓▓▓▓▓▓▓▓▓▓▓▓▓▓▓

You could see 2 ogres and a scorpion.

Vanquished Creatures
  A sleepcap (D)
  A white imp (D)
  An endoplasm (D)
  A giant cockroach (D)
  2 kobolds (D)
  A rat (D)
7 creatures vanquished.

Notes
Turn   | Place    | Note
-------+----------+-------------------------------------------
     0 | D        | fozzywoppz the Minotaur Fighter began the quest for the
                  | Orb.
     0 | D        | Reached XP level 1. HP: 19/19 MP: 0/0
    26 | D        | Noticed a sleepcap
    26 | D        | Noticed an ogre
    26 | D        | Noticed an ogre
    26 | D        | Noticed a scorpion
    31 | D        | Killed a sleepcap
    32 | D        | Reached skill level 5 in Fighting
    32 | D        | Reached skill level 5 in Armour
    32 | D        | Reached skill level 5 in Shields
    32 | D        | Reached XP level 2. HP: 5/29 MP: 1/1
    32 | D        | Reached XP level 3. HP: 6/36 MP: 2/2
    36 | D        | Mangled by an ogre

Illustrated notes

Levels and vault maps discovered:
D:        linesprint [early_d, line_temple, items_1, d_10, items_2, lair_1,
          lair_end, items_3, orc_1, orc_end, items_4, d_15, swamp_1, shoals_1,
          snake_1, spider_1, d_20, vaults_1, items_5, swamp_end, shoals_end,
          snake_end, spider_end, vaults_end, d_27, items_6, zot_1, zot_end,
          crypt_end, forest_end, elf_end, slime_end, tomb_end, abyss_end,
          pan_hell_end]

Skill      XL: |  1 |
---------------+----+-----
Fighting       | 5 |  5.5
Armour         | 5 |  5.0
Shields        | 5 |  5.0
Axes           | 4 |  4.9

Action                     || total
---------------------------++-------
  Melee: War axe           ||    18
         Headbutt          ||     4
 Armour: Scale mail        ||     9
  Dodge: Dodged            ||     7
  Block: Buckler           ||     6

Table legend: (Time is in decaauts)
 A = Elapsed time spent in this place.
 B = Non-inter-level travel time spent in this place.
 C = Inter-level travel time spent in this place.
 D = Time resting spent in this place.
 E = Time spent auto-exploring this place.
 F = Levels seen in this place.
 G = Mean time per level.
                   A        B        C        D        E       F      G
               +--------+--------+--------+--------+--------+-----+--------+
         Total |     42 |     42 |      0 |      0 |      0 |   1 |   42.0 |
       Dungeon |     42 |     42 |      0 |      0 |      0 |   1 |   42.0 |
               +--------+--------+--------+--------+--------+-----+--------+

Top non-repeatable levels by time:
       D: 42 daAuts
